 Dungeon Crawl Stone Soup version 0.28.0-53-g5a82cb258f (webtiles) character file.

Game seed: 16238773778903006602

46 hawla the Firebug (level 3, -3/20 HPs)
             Began as a Deep Elf Fire Elementalist on May 29, 2022.
             Killed from afar by an orc wizard (7 damage)
             ... with a puff of flame
             ... on level 3 of the Dungeon.
             The game lasted 00:06:20 (2136 turns).

hawla the Firebug (Deep Elf Fire Elementalist)      Turns: 2136, Time: 00:06:21

Health: -3/20      AC:  1    Str:  3    XL:     3   Next: 46%
Magic:  1/10       EV: 12    Int: 21    God:
Gold:   84         SH:  0    Dex: 13    Spells: 6/9 levels left

rFire   . . .      SeeInvis .   (no weapon)
rCold   . . .      Faith    .   (no shield)
rNeg    . . .      Spirit   .   a - +0 robe
rPois   .          Reflect  .   (no helmet)
rElec   .          Harm     .   (no cloak)
rCorr   .          Rampage  .   (no gloves)
Will    .....                   (no boots)
Stlth   ++........              (no amulet)
HPRegen 0.06/turn               (no ring)
MPRegen 0.12/turn               (no ring)

@: no status effects
A: clumsy 1, deformed body, deterioration 1, screaming 1, weak 1
a: no special abilities


You were on level 3 of the Dungeon.
You visited 1 branch of the dungeon, and saw 3 of its levels.

You collected 84 gold pieces.

Inventory:

Armour
 a - a +0 robe (worn)
Jewellery
 d - an amulet of guardian spirit
Scrolls
 b - a scroll of teleportation
 e - a scroll of magic mapping
Potions
 f - a potion of haste
 j - a potion of might {unknown}


   Skills:
 * Level 0.7 Fighting
 + Level 2.5 Dodging
 + Level 3.0 Stealth
 + Level 3.8 Spellcasting
 + Level 1.4 Conjurations
 + Level 3.8 Fire Magic


You had 6 spell levels left.
You knew the following spells:

 Your Spells              Type           Power      Damage    Failure   Level
a - Foxfire               Conj/Fire      60%        2x1d7     4%          1
b - Scorch                Fire           40%        2d7       3%          2

Your spell library contained the following spells:

 Spells                   Type           Power      Damage    Failure   Level
 Magic Dart               Conj           40%        1d5       7%          1
 Conjure Flame            Conj/Fire      15%        6-21      12%         3
 Inner Flame              Hex/Fire       12%        N/A       17%         3
 Call Imp                 Summ           4%         N/A       19%         2
 Mephitic Cloud           Conj/Pois/Air  6%         N/A       30%         3
 Gell's Gravitas          Tloc           4%         N/A       36%         3
 Teleport Other           Tloc           4%         N/A       36%         3
 Flame Wave               Conj/Fire      15%        2d6       38%         4
 Dispersal                Tloc           2%         N/A       100%        6


Dungeon Overview and Level Annotations

Branches:
Dungeon (3/15)

Altars:


Innate Abilities, Weirdness & Mutations

You are clumsy. (Dex -2)
Armour fits poorly on your strangely shaped body.
Your body sometimes deteriorates upon taking damage.
You occasionally shout uncontrollably at your foes.
You are weak. (Str -2)


Message History

Flames lash the orc.
You kill the orc!
The foxfire hits the goblin.
The goblin is moderately wounded.
The foxfire hits the goblin.
The goblin is heavily wounded.
The orc wizard hits you with a +0 dagger.
The goblin hits you with a +0 club.
Casting: Scorch (safe; 3% risk of failure)
Confirm with . or Enter, or press ? or * to list all spells.
You conjure some foxfire!
The orc wizard hits you with a +0 dagger.
The goblin barely misses you.
Casting: Foxfire (safe; 4% risk of failure)
Confirm with . or Enter, or press ? or * to list all spells.
Flames lash the orc.
You kill the orc!
The foxfire hits the goblin.
The goblin is severely wounded.
The foxfire hits the goblin.
You kill the goblin!
The orc wizard barely misses you.
Sorry, you're not good enough to have a special ability.
Casting: Scorch (safe; 3% risk of failure)
Confirm with . or Enter, or press ? or * to list all spells.
You conjure some foxfire!
The orc closely misses you. The orc barely misses your foxfire.
The orc closely misses your foxfire.
The orc wizard hits you with a +0 dagger.
* * * LOW HITPOINT WARNING * * *
Casting: Foxfire (safe; 4% risk of failure)
Confirm with . or Enter, or press ? or * to list all spells.
Flames lash the kobold.
You kill the kobold!
The foxfire hits the orc.
The orc is severely wounded.
The foxfire hits the orc!
You kill the orc!
The orc wizard gestures at you while chanting.
The puff of flame hits you!
You die...

* *****,,*********,******* *
***#..#######*#.# ****
****,,...#.....##..# ,,,*
*,,,,,,#.......#..#*
,,,****,*,**,*#........#*
,,,,,,,,,,*#.###......#*
,,,,***,,**,.........#* *****
***,*,,,,,,,,**#.....# *,,,,
,,,,>,,,,,,*,* #@)).<#*** *,,,,
,***,,****,*,* #)o...##.# *,,,,
,**,,** *,,,*###)#.##..# *,,,,
,,,,*** **,,*#...#.#*..* **,,,,
,,,,,,* **,,#.#...##.#* **,,,,,
,*,**,*** **.o.##÷.#..# **,,,,,,
,**,,,,,****#..,*#..#..# *§.,,,,,
,,,,,,,,,,*,#..,*#..#..#*#.#,****
,,,,**,,,,,*..,,*#o....#....,*


You could see an orc wizard.

Vanquished Creatures
  An adder (D:2)
  6 orcs
  4 bats
  3 endoplasms
  2 giant cockroaches
  3 goblins
  A hobgoblin (D:1)
  A quokka (D:2)
  4 ball pythons
  3 kobolds
  5 rats
33 creatures vanquished.

Vanquished Creatures (others)
  85 foxfires
85 creatures vanquished.

Grand Total: 118 creatures vanquished

Notes
Turn   | Place    | Note
-------+----------+-------------------------------------------
     0 | D:1      | hawla the Deep Elf Fire Elementalist began the quest for
                  | the Orb.
     0 | D:1      | Reached XP level 1. HP: 10/10 MP: 6/6
    12 | D:1      | Found a faded altar of an unknown god.
   881 | D:2      | Gained mutation: You are clumsy. (Dex -2) [potion of
                  | mutation]
   881 | D:2      | Gained mutation: Armour fits poorly on your strangely
                  | shaped body. [potion of mutation]
   881 | D:2      | Gained mutation: You have hidden genetic defects. [potion
                  | of mutation]
   901 | D:2      | Reached XP level 2. HP: 13/15 MP: 4/8
   970 | D:2      | Gained mutation: You have terrible hidden genetic defects.
                  | [hidden defects]
   978 | D:2      | Learned a level 2 spell: Scorch
  1156 | D:2      | Gained mutation: Your body sometimes deteriorates upon
                  | taking damage. [hidden defects]
  1156 | D:2      | Lost mutation: You have terrible hidden genetic defects.
                  | [hidden defects expressed]
  1739 | D:2      | Gained mutation: You occasionally shout uncontrollably at
                  | your foes. [hidden defects]
  1843 | D:2      | Reached XP level 3. HP: 19/20 MP: 6/10
  1920 | D:3      | Gained mutation: You are weak. (Str -2) [hidden defects]
  1920 | D:3      | Lost mutation: You have hidden genetic defects. [hidden
                  | defects expressed]
  2136 | D:3      | Killed from afar by an orc wizard

Illustrated notes

Levels and vault maps discovered:
D:1:      dpeg_arrival_pond, layout_loops_corners,
          hellmonk_ecumenical_altar_pennies_from_heaven
D:2:      layout_basic, serial_corexii_hall, corexii_hall_statues_t,
          corexii_hall_statues_u, chequers_hall_statues_corner_a,
          corexii_hall_statues_deadend
D:3:      layout_rooms, nicolae_wu_jian_wuxing_cycle,
          gammafunk_ghost_necromancy, serial_shops,
          nicolae_shop_bloodbath_and_beyond, kennysheep_orc_chapel

Skill      XL: |  1  2  3 |
---------------+----------+-----
Stealth        | 3 |  3.0
Fighting       | |  0.7
Dodging        | |  2.5
Spellcasting   | |  3.8
Conjurations   | |  1.4
Fire Magic     | |  3.8

Action                   || total
-------------------------++-------
Melee: Unarmed           ||     5
 Cast: Foxfire           ||    50
       Scorch            ||    16
  Use: Scroll            ||     7
       Potion            ||     4
Armor: Robe              ||     3
Dodge: Dodged            ||    23
